 Dungeon Crawl Stone Soup version 0.21.0-25-ge575cb9 (webtiles) character file.

7484 JeffiDaFish the Nimble (level 10, -10/91 HPs)
             Began as a Minotaur Fighter on Jan 25, 2018.
             Was a Priest of Okawaru.
             Mangled by a komodo dragon (24 damage)
             ... on level 1 of the Lair of Beasts on Jan 26, 2018.
             The game lasted 00:23:53 (10007 turns).

JeffiDaFish the Nimble (Minotaur Fighter)          Turns: 10007, Time: 00:23:53

Health: -10/91     AC: 18    Str: 21    XL:     10   Next: 94%
Magic:  9/9        EV: 10    Int:  5    God:    Okawaru [***...]
Gold:   534        SH: 12    Dex: 13    Spells: 9/9 levels left

rFire    + + .     SeeInvis .   a - +1 war axe (freeze)
rCold    + . .     Gourm    .   c - +0 shield
rNeg     . . .     Faith    .   y - +2 plate armour "Notimpet" {rF+ MR+ rCorr}
rPois    +         Spirit   .   (helmet restricted)
rElec    .         Reflect  .   p - +1 cloak
rCorr    +         Harm     .   (no gloves)
MR       +....     Clarity  +   (no boots)
Stlth    ..........             (no amulet)
HPRegen  0.25/turn              h - ring of protection from cold
MPRegen  0.11/turn              g - ring of poison resistance

@: no status effects
A: retaliatory headbutt, horns 2, clarity, fire resistance 1, wild magic 1
a: Heroism, Renounce Religion


You were on level 1 of the Lair of Beasts.
You worshipped Okawaru.
Okawaru was most pleased with you.
You were not hungry.

You visited 3 branches of the dungeon, and saw 11 of its levels.
You also visited: Sewer.

You collected 534 gold pieces.

Inventory:

Hand Weapons
 a - a +1 war axe of freezing (weapon)
 j - a +2 halberd of flaming
Armour
 c - a +0 shield (worn)
 p - a +1 cloak (worn)
 v - a scarf of resistance
 y - the +2 plate armour "Notimpet" (worn) {rF+ MR+ rCorr}
   (You found it on level 8 of the Dungeon)

   It protects you from fire.
   It affects your resistance to hostile enchantments.
   It protects you from acid and corrosion.
Jewellery
 g - a ring of poison resistance (right hand)
 h - a ring of protection from cold (left hand)
 q - an uncursed ring of protection from magic {unknown}
Wands
 e - a wand of iceblast (18)
 u - a wand of acid (9)
Scrolls
 b - 5 scrolls of remove curse
 i - 9 scrolls of identify
 k - a scroll of amnesia
 l - 2 scrolls of teleportation
 n - a scroll of enchant weapon
 o - 3 scrolls of fog
 r - 3 scrolls of magic mapping
 w - a scroll of enchant armour
 x - 2 scrolls of blinking
Potions
 d - 3 potions of might
 m - a potion of brilliance
 s - a potion of curing
 z - a potion of flight
Comestibles
 f - 19 rations
 t - a chunk of flesh


   Skills:
 + Level 9.0 Fighting
 + Level 9.6 Axes
 + Level 9.0 Armour
 * Level 9.7 Dodging
 - Level 0.7 Stealth
 + Level 9.3 Shields


You had 9 spell levels left.
You didn't know any spells.

Dungeon Overview and Level Annotations

Branches:
Dungeon (9/15)             Temple (1/1) D:7            Lair (1/6) D:9
    Orc: D:9-12

Altars:
Ashenzari
Cheibriados
Dithmenos
Elyvilon
Fedhas
Gozag
Kikubaaqudgha
Nemelex Xobeh
Okawaru
Qazlal
Ru
Sif Muna
Trog
Uskayaw
Vehumet
Wu Jian
Xom
Yredelemnul
Zin
The Shining One

Shops:
D:5 %


Innate Abilities, Weirdness & Mutations

You reflexively headbutt those who attack you in melee.
You have a pair of horns on your head.
You possess an exceptional clarity of mind.
Your flesh is heat resistant. (rF+)
Your spells are a little harder to cast, but a little more powerful.


Message History

You are too injured to fight recklessly!
You hit the komodo dragon but do no damage.
The komodo dragon is heavily wounded.
You block the komodo dragon's attack. The komodo dragon bites you!
You hit the komodo dragon. You freeze the komodo dragon.
You headbutt the komodo dragon.
The komodo dragon is severely wounded.
The komodo dragon bites you!!
* * * LOW HITPOINT WARNING * * *
You hit the komodo dragon.
The komodo dragon seems to slow down.
You freeze the komodo dragon.
The komodo dragon is severely wounded.
You hit the komodo dragon. You freeze the komodo dragon.
You headbutt the komodo dragon.
The komodo dragon is almost dead.
The komodo dragon closely misses you.
You barely miss the komodo dragon. Your headbutt misses the komodo dragon.
The komodo dragon is almost dead.
The komodo dragon bites you!!
You die...

##......... #P..........
........... #..........
.# #...#...... #.##
#.......... P##...#
#...#...... ......##
####..@l......
.......####...##.##.....
...........####### #..
............#
..........###
..........# #........##
.........# ..#......#


You could see a komodo dragon.

Vanquished Creatures
  Erolcha (D:9)
  A fire crab (shapeshifter) (D:8)
  Pikel (D:5)
  Prince Ribbit (D:8)
  A hippogriff (Lair:1)
  Sigmund (D:5)
  6 yaks (D:9)
  A wyvern (D:8)
  A hungry ghost (D:7)
  The ghost of bmoney the Chiller, an amateur DsIE (D:3)
  A porcupine (Lair:1)
  A black bear (D:6)
  2 ice beasts (D:7)
  2 phantoms
  2 slaves (D:5)
  2 orc warriors
  A necrophage (D:9)
  4 ogres
  3 centaurs
  A big kobold (D:9)
  6 bullfrogs
  2 wyvern skeletons
  A scorpion (D:4)
  5 killer bees (D:8)
  A howler monkey (D:6)
  5 wights (D:6)
  A crimson imp (D:6)
  2 bullfrog zombies (D:6)
  A centaur zombie (D:7)
  A jelly (D:8)
  A bullfrog skeleton (D:5)
  4 orc priests
  7 hounds
  8 orc wizards
  4 iguanas
  Natasha (thrice) (D:4)
  8 worker ants
  2 killer bee zombies
  A hound skeleton (D:4)
  Robin (D:4)
  8 gnolls
  A howler monkey zombie (D:9)
  9 adders
  A shadow imp (D:7)
  An adder skeleton (D:5)
  An adder zombie (D:6)
  2 worms
  A dart slug (D:3)
  4 leopard geckos
  43 orcs
  9 ball pythons
  5 giant cockroaches
  24 goblins
  19 hobgoblins
  15 jackals
  15 kobolds
  4 quokkas
  14 bats
  10 frilled lizards
  A quokka skeleton (D:5)
  17 rats
302 creatures vanquished.

Notes
Turn   | Place    | Note
-------+----------+-------------------------------------------
     0 | D:1      | JeffiDaFish the Minotaur Fighter began the quest for the Orb.
     0 | D:1      | Reached XP level 1. HP: 19/19 MP: 0/0
   223 | D:1      | Reached XP level 2. HP: 26/27 MP: 1/1
   560 | D:1      | Reached XP level 3. HP: 32/33 MP: 2/2
  1015 | D:2      | Reached XP level 4. HP: 32/40 MP: 3/3
  1322 | D:2      | Found a faded altar of an unknown god.
  1393 | D:2      | Found a basalt altar of Yredelemnul.
  1530 | D:2      | Found a sparkling altar of Nemelex Xobeh.
  1623 | D:3      | Noticed bmoney's ghost (amateur DsIE)
  1633 | D:3      | Killed bmoney's ghost
  1633 | D:3      | Reached skill level 1 in Dodging
  1633 | D:3      | Reached skill level 5 in Shields
  1633 | D:3      | Reached XP level 5. HP: 35/46 MP: 4/4
  1782 | D:3      | Gained mutation: You possess an exceptional clarity of mind. [potion of mutation]
  1782 | D:3      | Gained mutation: Your flesh is heat resistant. (rF+) [potion of mutation]
  1782 | D:3      | Gained mutation: Your spells are a little harder to cast, but a little more powerful. [potion of mutation]
  2285 | D:4      | Noticed Robin
  2286 | D:4      | Reached XP level 6. HP: 53/53 MP: 5/5
  2290 | D:4      | Killed Robin
  2295 | D:4      | Reached skill level 5 in Axes
  2619 | D:4      | Noticed Natasha
  2632 | D:4      | Killed Natasha
  2653 | D:4      | Noticed Natasha
  2685 | D:4      | Killed Natasha
  2736 | D:4      | Noticed Natasha
  2766 | D:4      | Killed Natasha
  2766 | D:4      | Reached skill level 5 in Armour
  2944 | D:4      | Reached skill level 5 in Fighting
  2944 | D:4      | Reached XP level 7. HP: 42/61 MP: 6/6
  3823 | D:5      | Entered Level 5 of the Dungeon
  3991 | D:5      | Found Rede's Food Shop.
  4097 | D:5      | Noticed Sigmund
  4105 | D:5      | Killed Sigmund
  4109 | D:5      | Reached XP level 8. HP: 68/70 MP: 7/7
  4212 | D:5      | Noticed Pikel
  4221 | D:5      | Killed Pikel
  4731 | D:6      | Reached skill level 5 in Dodging
  5108 | D:6      | Reached XP level 9. HP: 78/78 MP: 8/8
  5154 | D:6      | Found a glowing drain.
  5163 | Sewer    | Entered a sewer
  6980 | D:7      | Found a staircase to the Ecumenical Temple.
  6989 | Temple   | Entered the Ecumenical Temple
  7170 | Temple   | Became a worshipper of Warmaster Okawaru
  7789 | D:8      | Found a glowing silver altar of Zin.
  7840 | D:8      | Got a scorched plate armour
  7863 | D:8      | Reached XP level 10. HP: 30/88 MP: 9/9
  8114 | D:8      | Identified the +2 plate armour "Notimpet" {rF+ MR+ rCorr} (You found it on level 8 of the Dungeon)
  8123 | D:8      | Noticed a fire crab
  8135 | D:8      | Killed a fire crab
  8135 | D:8      | Reached * piety under Okawaru
  8402 | D:8      | Found a shimmering altar of Xom.
  8402 | D:8      | Found a shimmering altar of Xom.
  8410 | D:8      | Found a shimmering altar of Xom.
  8542 | D:8      | Noticed Prince Ribbit
  8663 | D:8      | Killed Prince Ribbit
  8823 | D:9      | Found a staircase to the Lair.
  8955 | D:9      | Noticed Erolcha
  8964 | D:9      | Killed Erolcha
  8966 | D:9      | HP: 2/90 [orc warrior/long sword (16)]
  9241 | D:9      | Reached ** piety under Okawaru
  9816 | D:9      | Reached *** piety under Okawaru
  9932 | Lair:1   | Entered Level 1 of the Lair of Beasts
 10007 | Lair:1   | Mangled by a komodo dragon

Skill      XL: |  1  2  3  4  5  6  7  8  9 10 |
---------------+-------------------------------+-----
Shields        | 4 5 6 7 8 9 |  9.3
Fighting       | 4 5 6 7 9 |  9.0
Armour         | 4 5 6 7 9 |  9.0
Axes           | 3 4 5 6 7 8 9 |  9.6
Dodging        | 1 3 5 7 9 |  9.7
Stealth        | |  0.7

Action                   |  1- 3 |  4- 6 |  7- 9 | 10-12 || total
-------------------------+-------+-------+-------+-------++-------
Melee: War axe           |   113 |   146 |   424 |   158 ||   841
       Headbutt          |    13 |    18 |    70 |    32 ||   133
  Use: Scroll            |     3 |     3 |    11 |       ||    17
       Potion            |       |     3 |     6 |     6 ||    15
  Eat: Chunk             |     1 |     6 |    15 |     7 ||    29
       Ration            |       |       |     1 |       ||     1
Armor: Scale mail        |    75 |    71 |       |       ||   146
       Chain mail        |       |       |    99 |       ||    99
       Plate armour      |       |       |    60 |    53 ||   113
Dodge: Dodged            |    46 |    40 |   125 |    40 ||   251
Block: Shield            |    80 |    87 |   231 |    93 ||   491
